 Dungeon Crawl Stone Soup version 0.26-a0-651-gb41185065b (webtiles) character file.

Game seed: 7199051396892400700

(classic levelgen) 6541 EnegeticOcto the Cleaver (level 10, -12/92 HPs)
             Began as a Deep Dwarf Fighter on Oct 9, 2020.
             Was a Believer of Makhleb.
             Mangled by a two-headed ogre
             ... wielding a +0 giant club
              (14 damage)
             ... on level 9 of the Dungeon.
             The game lasted 00:04:19 (4756 turns).

EnegeticOcto the Cleaver (Deep Dwarf Fighter)       Turns: 4756, Time: 00:04:20

Health: -12/92     AC: 17    Str: 23    XL:     10   Next: 70%
Magic:  3/3        EV: 11    Int:  9    God:    Makhleb [**....]
Gold:   471        SH: 11    Dex: 12    Spells: 9/9 levels left

rFire    . . .     SeeInvis +   a - +0 war axe
rCold    . . .     Faith    .   c - +0 kite shield
rNeg     . . .     Spirit   .   r - +4 chain mail of a Gauntlet {rPois MR+ SInv Stlth+}
rPois    +         Reflect  .   (no helmet)
rElec    .         Harm     .   F - +0 cloak
rCorr    .         Rampage  .   (no gloves)
MR       ++...                  A - +0 pair of boots
Stlth    ..........             w - amulet of the acrobat
HPRegen  0.00/turn              i - ring of see invisible
MPRegen  0.08/turn              m - +4 ring of evasion

@: non-regenerating
A: damage resistance, heal wounds, sense surroundings 2, no regeneration
a: Heal Wounds, Minor Destruction, Renounce Religion


You were on level 9 of the Dungeon.
You worshipped Makhleb.
Makhleb was pleased with you.
You visited 2 branches of the dungeon, and saw 11 of its levels.
You also visited: Sewer.

You collected 471 gold pieces.

Inventory:

Hand Weapons
 a - a +0 war axe (weapon)
Armour
 c - a +0 kite shield (worn)
 r - the +4 chain mail of a Gauntlet (worn) {rPois MR+ SInv Stlth+}
   (You found it on level 5 of the Dungeon)

   It protects you from poison.
   It affects your resistance to hostile enchantments.
   It lets you see invisible.
   It makes you more stealthy.
 A - a +0 pair of boots (worn)
 F - a +0 cloak (worn)
Jewellery
 i - a ring of see invisible (left hand)
 m - a +4 ring of evasion (right hand)
 w - an amulet of the acrobat (around neck)
Wands
 u - a wand of polymorph (7)
 v - a wand of digging (4) {@v3}
 z - a wand of disintegration (14)
Scrolls
 e - 2 scrolls of enchant weapon {unknown}
 f - 3 scrolls of teleportation {@r3}
 g - 5 scrolls of remove curse {@r2}
 j - 3 scrolls of fog
 l - 7 scrolls of identify {unknown}
 p - 2 scrolls of blinking {unknown}
 t - a scroll of noise {unknown}
 y - 3 scrolls of amnesia {unknown}
 B - a scroll of enchant armour {unknown}
 D - 2 scrolls of immolation {unknown}
 E - a scroll of fear {unknown}
Potions
 b - a potion of flight {unknown}
 d - a potion of might {@q3}
 h - 2 potions of cancellation {unknown}
 k - 4 potions of brilliance {unknown}
 n - 4 potions of curing {unknown}
 o - a potion of mutation {unknown}
 s - a potion of haste {@q4}
 x - 2 potions of degeneration {unknown}
 C - a potion of resistance {unknown}


   Skills:
 + Level 6.8 Fighting
 * Level 10.6 Axes
 + Level 8.2 Armour
 + Level 8.2 Shields
 * Level 7.8 Invocations


You had 9 spell levels left.
You didn't know any spells.
Your spell library was empty.

Dungeon Overview and Level Annotations

Branches:
Dungeon (10/15)            Temple (1/1) D:7             Orc (0/2) D:9
  Sewer (visited)
   Lair: D:8-11

Altars:
Ashenzari
Cheibriados
Dithmenos
Fedhas
Gozag
Hepliaklqana
Kikubaaqudgha
Makhleb
Nemelex Xobeh
Okawaru
Qazlal
Ru
Sif Muna
Trog
Uskayaw
Vehumet
Wu Jian
Xom
Yredelemnul
Zin
The Shining One

Shops:
D:9 }

Annotations:
D:9 Joseph


Innate Abilities, Weirdness & Mutations

You are resistant to damage.
You can heal yourself by infusing magical energy.
You passively map the area around you.
You do not regenerate.


Message History

You kill the ogre!
Makhleb accepts your kill.
You feel better.
You hack one of the ten-headed hydra's heads off!
The nine-headed hydra grows two more!
You hit the 11-headed hydra. You hit the orc but do no damage.
You block the orc's attack.
The 11-headed hydra bites you but does no damage.
The 11-headed hydra bites you. You block the 11-headed hydra's attack.
The 11-headed hydra bites you! The 11-headed hydra bites you.
The 11-headed hydra bites you! The 11-headed hydra bites you.
You block the 11-headed hydra's attack. The 11-headed hydra barely misses you.
The 11-headed hydra closely misses you. The 11-headed hydra misses you.
You are too injured to fight recklessly!
You are too injured to fight recklessly!
You are too injured to fight recklessly!
You are too injured to fight recklessly!
You are too injured to fight recklessly!
You are too injured to fight recklessly!
You are too injured to fight recklessly!
You are too injured to fight recklessly!
You are too injured to fight recklessly!
You are too injured to fight recklessly!
You are too injured to fight recklessly!
You are too injured to fight recklessly!
You feel much better. The orc barely misses you.
You block the 11-headed hydra's attack. The 11-headed hydra barely misses you.
You block the 11-headed hydra's attack.
The 11-headed hydra bites you but does no damage. x2
The 11-headed hydra barely misses you.
The 11-headed hydra bites you but does no damage.
You block the 11-headed hydra's attack. x2; The 11-headed hydra bites you.
The 11-headed hydra bites you but does no damage.
The orc throws a stone.
The stone hits you but does no damage.
There is an escape hatch in the ceiling here.
You see here a stone.
You feel much better. You block the 11-headed hydra's attack.
The 11-headed hydra closely misses you. The 11-headed hydra barely misses you.
The 11-headed hydra bites you. You block the 11-headed hydra's attack.
The 11-headed hydra bites you! The 11-headed hydra bites you.
The 11-headed hydra bites you but does no damage.
The 11-headed hydra bites you! You block the 11-headed hydra's attack.
The 11-headed hydra bites you.
The orc throws a stone.
You block the stone.
Okay, then.
Your magical essence is drained by the effort!
You feel much better.
The 11-headed hydra bites you but does no damage. x2
The 11-headed hydra misses you. You block the 11-headed hydra's attack.
The 11-headed hydra bites you!
The 11-headed hydra completely misses you.
The 11-headed hydra misses you.
The 11-headed hydra bites you but does no damage.
You block the 11-headed hydra's attack.
The 11-headed hydra bites you but does no damage.
The 11-headed hydra barely misses you. The two-headed ogre closely misses you.
The two-headed ogre hits you with a +0 giant spiked club!
Evoke which item? (* to show all) (? for menu, Esc to quit)
Okay, then.
The orc throws a stone.
The stone completely misses you.
Items here: ( ))) [ ††.
Okay, then.
You fail to use your ability.
You block the 11-headed hydra's attack. The 11-headed hydra bites you!
The 11-headed hydra bites you.
The 11-headed hydra bites you but does no damage.
The 11-headed hydra barely misses you. x2
The 11-headed hydra bites you but does no damage.
The 11-headed hydra bites you.
The 11-headed hydra bites you but does no damage.
The 11-headed hydra barely misses you. The 11-headed hydra closely misses you.
You feel much better.
The 11-headed hydra barely misses you. x3
The 11-headed hydra bites you but does no damage.
You block the 11-headed hydra's attack. x2; The 11-headed hydra bites you.
The 11-headed hydra bites you but does no damage. x2
The 11-headed hydra bites you. The 11-headed hydra bites you!
The two-headed ogre hits you with a +0 giant club!!
* * * LOW HITPOINT WARNING * * *
The two-headed ogre hits you with a +0 giant spiked club!
* * * LOW HITPOINT WARNING * * *
Your magical essence is drained by the effort!
You feel much better. The 11-headed hydra bites you. x2
The 11-headed hydra bites you but does no damage.
The 11-headed hydra bites you! You block the 11-headed hydra's attack.
The 11-headed hydra completely misses you.
The 11-headed hydra bites you. The 11-headed hydra bites you!
The 11-headed hydra closely misses you.
The 11-headed hydra bites you but does no damage. x2
You fail to use your ability.
The 11-headed hydra bites you but does no damage.
You block the 11-headed hydra's attack. x2; The 11-headed hydra bites you.
* * * LOW HITPOINT WARNING * * *
The 11-headed hydra misses you.
The 11-headed hydra bites you but does no damage.
You block the 11-headed hydra's attack. The 11-headed hydra bites you!
* * * LOW HITPOINT WARNING * * *
The 11-headed hydra barely misses you. The 11-headed hydra bites you.
* * * LOW HITPOINT WARNING * * *
The 11-headed hydra bites you but does no damage.
The two-headed ogre hits you with a +0 giant club!
* * * LOW HITPOINT WARNING * * *
The two-headed ogre hits you with a +0 giant spiked club!
You die...

.....<.#### ..[[......#
##.[(.....# ####### #†........#
#.....# #....)###.## #....>#
#†....###..# .....#
##..8.<.∩.8.#####...#* #####
.......#######....[.# #...#
.....(.# #.D@...# ##...#
.......#######.O...#########.....
.............T........>..........
.........(()o............<......†
.........†([(..[.............<...
##........####....##...####...#..
#....(>..## ########### #...##.
#.....#...# #...### #.....#...#
#####


You could see a 11-headed hydra, a two-headed ogre, a troll and an orc.

Vanquished Creatures
  Harold (D:9)
  A two-headed ogre (D:8)
  Maurice (D:8)
  4 hippogriffs
  A shadow (D:9)
  A water moccasin (D:5)
  3 ice beasts
  A sky beast (D:7)
  3 orc warriors
  2 ogres
  4 phantoms
  6 centaurs
  2 necrophages
  3 big kobolds
  3 bullfrogs
  A wyvern zombie (D:7)
  A scorpion (D:9)
  4 howler monkeys
  A bullfrog zombie (D:6)
  2 hounds
  2 quasits (D:9)
  2 jellies
  7 orc wizards
  4 orc priests
  A bullfrog skeleton (D:8)
  3 centaur skeletons
  4 iguanas
  9 worker ants
  2 hound zombies
  A hound skeleton (D:7)
  A worker ant zombie (D:8)
  5 adders
  4 river rats
  A shadow imp (D:8)
  A white imp (D:8)
  4 ufetubi
  4 worms
  A dart slug (D:3)
  3 leopard geckos
  14 orcs
  2 giant cockroaches
  6 goblins
  7 hobgoblins
  3 jackals (D:7)
  15 kobolds
  2 quokkas
  A ball python (D:2)
  A ball python skeleton (D:5)
  6 bats
  2 frilled lizards (D:2)
  7 rats
  A spectral orc (D:3)
171 creatures vanquished.

Vanquished Creatures (others)
  An orc wizard (D:9)
1 creature vanquished.

Grand Total: 172 creatures vanquished

Notes
Turn   | Place    | Note
-------+----------+-------------------------------------------
     0 | D:1      | EnegeticOcto the Deep Dwarf Fighter began the quest for the
                  | Orb.
     0 | D:1      | Reached XP level 1. HP: 20/20 MP: 1/1
   111 | D:2      | Reached XP level 2. HP: 27/27 MP: 2/2
   283 | D:3      | Found a basalt altar of Yredelemnul.
   394 | D:3      | Reached skill level 3 in Axes
   409 | D:3      | Reached XP level 3. HP: 23/34 MP: 3/3
   444 | D:4      | Reached XP level 4. HP: 22/42 MP: 4/4
   544 | D:4      | Reached skill level 4 in Axes
   544 | D:4      | Reached XP level 5. HP: 40/49 MP: 4/4
   802 | D:4      | Found a shadowy altar of Dithmenos.
   941 | D:4      | Found a sacrificial altar of Ru.
   975 | D:5      | Entered Level 5 of the Dungeon
   975 | D:5      | Noticed a phantom
   976 | D:5      | Noticed a necrophage
   986 | D:5      | Killed a necrophage
   986 | D:5      | Reached XP level 6. HP: 33/56 MP: 5/5
  1035 | D:5      | Reached skill level 5 in Axes
  1077 | D:5      | Noticed a water moccasin
  1097 | D:5      | Killed a water moccasin
  1161 | D:5      | Reached skill level 5 in Shields
  1161 | D:5      | Reached XP level 7. HP: 51/64 MP: 5/5
  1164 | D:5      | Reached skill level 5 in Armour
  1242 | D:5      | Found a blossoming altar of Fedhas.
  1272 | D:5      | Reached skill level 6 in Axes
  1285 | D:5      | Got a faintly humming chain mail
  1295 | D:5      | Identified the +4 chain mail of a Gauntlet {rPois MR+ SInv
                  | Stlth+} (You found it on level 5 of the Dungeon)
  1424 | D:5      | Found a glowing drain.
  1428 | Sewer    | Entered a sewer
  1823 | D:6      | Reached XP level 8. HP: 57/73 MP: 6/6
  1856 | D:6      | Reached skill level 7 in Axes
  2364 | D:7      | Found a staircase to the Ecumenical Temple.
  2419 | D:7      | Reached skill level 5 in Fighting
  2457 | Temple   | Entered the Ecumenical Temple
  2605 | D:7      | Noticed a hippogriff
  2620 | D:7      | Killed a hippogriff
  2620 | D:7      | Reached skill level 8 in Axes
  2641 | D:7      | Found a shimmering blue altar of Sif Muna.
  2745 | D:7      | Gained mutation: You passively map the area around you.
                  | [Deep Dwarf growth]
  2745 | D:7      | Reached XP level 9. HP: 35/81 MP: 6/6
  3542 | D:2      | Found an iron altar of Okawaru.
  3802 | D:3      | Found a burning altar of Makhleb.
  3802 | D:3      | Found a sparkling altar of Nemelex Xobeh.
  3803 | D:3      | Found a glowing silver altar of Zin.
  3822 | D:3      | Became a worshipper of Makhleb the Destroyer
  3996 | D:8      | Reached skill level 1 in Invocations
  4094 | D:8      | Reached skill level 9 in Axes
  4147 | D:8      | Noticed Maurice
  4179 | D:8      | Killed Maurice
  4371 | D:8      | You fall into a shaft and drop 2 floors!
  4371 | D:10     | Entered Level 10 of the Dungeon
  4386 | D:9      | Noticed Joseph
  4386 | D:9      | Noticed a six-headed hydra
  4386 | D:9      | Noticed a two-headed ogre
  4386 | D:9      | Noticed a two-headed ogre
  4426 | D:9      | Reached skill level 5 in Invocations
  4442 | D:9      | Reached * piety under Makhleb
  4446 | D:9      | Reached XP level 10. HP: 70/91 MP: 3/5
  4473 | D:9      | Found a staircase to the Orcish Mines.
  4571 | D:9      | Reached skill level 10 in Axes
  4603 | D:9      | Found Ufuitiul's Gadget Shoppe.
  4603 | D:9      | Noticed Harold
  4636 | D:9      | Killed Harold
  4675 | D:8      | Killed a two-headed ogre
  4695 | D:9      | Reached ** piety under Makhleb
  4756 | D:9      | HP: 2/92 [two-headed ogre/+0 giant club (15)]
  4756 | D:9      | Mangled by a two-headed ogre

Illustrated notes

Levels and vault maps discovered:
D:1:      ncdulo_halloftheorcs, layout_loops_ring
D:2:      layout_rooms, old_standard_altar
D:3:      layout_basic, lemuel_coloured_pillars_altar,
          gammafunk_temple_overflow_claw, yredelemnul_forgotten_temple_becter
D:4:      minmay_wonky_spiral, layout_rooms, kennysheep_little_box,
          nicolae_ru_path_of_blood
D:5:      layout_cave_pools, lightli_sewer_entry_pipes, fedhas_ov_isle_minmay
D:6:      layout_rooms, hangedman_decor_push
D:7:      layout_basic, lemuel_doored_altar, minmay_temple_entry_slanted
D:8:      wander_river, layout_rooms, uniq_maurice
D:9:      layout_cross, orc_0_dummy, serial_shops, shop_statue,
          minmay_sticks_and_stones, uniq_harold
D:10:     minmay_quarter_circles, layout_long_grid, lair_entry_dummy,
          minmay_splitting_lines
Temple:   cyrus_circular_temple

Skill      XL: |  1  2  3  4  5  6  7  8  9 10 |
---------------+-------------------------------+-----
Axes           | 3 4 5 6 8 9 10 | 10.6
Fighting       | 3 4 5 6 |  6.8
Armour         | 4 5 6 7 8 |  8.2
Shields        | 4 5 6 7 8 |  8.2
Invocations    | 5 7 |  7.8

Action                   |  1- 3 |  4- 6 |  7- 9 | 10-12 || total
-------------------------+-------+-------+-------+-------++-------
Melee: War axe           |    85 |   117 |   425 |   130 ||   757
 Abil: Heal Wounds       |       |     7 |    25 |    12 ||    44
Evoke: Wand              |       |       |     2 |       ||     2
  Use: Scroll            |       |       |     3 |       ||     3
       Potion            |       |       |     1 |       ||     1
Armor: Scale mail        |    35 |    57 |     2 |       ||    94
       Chain mail        |       |       |   245 |   114 ||   359
Dodge: Dodged            |    28 |    70 |   241 |   100 ||   439
Block: Kite shield       |    46 |    82 |   321 |   132 ||   581

Table legend: (Time is in decaauts)
 A = Elapsed time spent in this place.
 B = Non-inter-level travel time spent in this place.
 C = Inter-level travel time spent in this place.
 D = Time resting spent in this place.
 E = Time spent auto-exploring this place.
 F = Levels seen in this place.
 G = Mean time per level.
                   A        B        C        D        E       F      G
               +--------+--------+--------+--------+--------+-----+--------+
         Total |   4967 |   4486 |    481 |      0 |   2978 |  12 |  413.9 |
       Dungeon |   4859 |   4388 |    471 |      0 |   2910 |  10 |  485.9 |
        Temple |     59 |     50 |      9 |      0 |     50 |   1 |   59.0 |
         Sewer |     48 |     48 |      0 |      0 |     17 |   1 |   48.0 |
               +--------+--------+--------+--------+--------+-----+--------+

Top non-repeatable levels by time:
     D:7: 1118 daAuts
     D:5: 816 daAuts
     D:4: 630 daAuts
     D:6: 569 daAuts
     D:2: 451 daAuts
     D:8: 437 daAuts
     D:3: 398 daAuts
     D:9: 349 daAuts
     D:1: 72 daAuts
  Temple: 59 daAuts
   Sewer: 48 daAuts
    D:10: 14 daAuts
